 Dungeon Crawl Stone Soup version 0.23.2-1-ga50397a (webtiles) character file.

Game seed: 14497554837315704594

1123 kae the Arsonist (level 8, -1/41 HPs)
             Began as a Tengu Fire Elementalist on Apr 18, 2019.
             Was a Believer of Sif Muna.
             Slain by a mummy (13 damage)
             ... in an ossuary.
             The game lasted 00:08:52 (6798 turns).

kae the Arsonist (Tengu Fire Elementalist)          Turns: 6798, Time: 00:08:53

Health: -1/41      AC:  4    Str:  8    XL:     8   Next: 35%
Magic:  1/15       EV: 12    Int: 19    God:    Sif Muna [**....]
Gold:   164        SH:  0    Dex: 14    Spells: 5/15 levels left

rFire    . . .     SeeInvis .   u - +3 spear
rCold    . . .     Gourm    .   (no shield)
rNeg     . . .     Faith    .   a - +1 robe
rPois    .         Spirit   .   b - +0 hat
rElec    .         Reflect  .   p - +0 cloak
rCorr    .         Harm     .   (no gloves)
MR       .....                  (boots unavailable)
Stlth    ++........             (no amulet)
HPRegen  0.13/turn              (no ring)
MPRegen  0.14/turn              (no ring)

@: no status effects
A: beak, talons 3, able to fly
a: Fly, Divine Energy, Renounce Religion


You were in an ossuary.
You worshipped Sif Muna.
Sif Muna was pleased with you.
You were not hungry.

You visited 1 branch of the dungeon, and saw 5 of its levels.
You also visited: Ossuary.

You collected 224 gold pieces.
You spent 60 gold pieces at shops.

Inventory:

Hand Weapons
 f - a +3 short sword of venom
 u - a +3 spear (weapon)
Missiles
 t - 2 throwing nets (quivered)
Armour
 a - a +1 robe (worn)
 b - a +0 hat (worn)
 p - a +0 cloak (worn)
Jewellery
 l - a +4 ring of protection {unknown}
 q - an uncursed ring of magical power {unknown}
Scrolls
 j - a scroll of enchant weapon
 k - 5 scrolls of remove curse
 m - a scroll of fog
 r - a scroll of teleportation
 s - 2 scrolls of identify
 v - a scroll of enchant armour
Potions
 d - 2 potions of brilliance
 e - 2 potions of berserk rage
 g - 4 potions of heal wounds
 h - 2 potions of ambrosia {unknown}
 i - 3 potions of might
 n - a potion of magic
 o - a potion of lignification
Comestibles
 c - 9 rations


   Skills:
 - Level 2.1 Dodging
 - Level 2.0 Stealth
 + Level 4.3 Spellcasting
 + Level 6.5 Conjurations
 * Level 8.4 Fire Magic


You had 5 spell levels left.
You knew the following spells:

 Your Spells              Type           Power        Failure   Level  Hunger
a - Flame Tongue          Conj/Fire      ####.        1%          1    None
b - Throw Flame           Conj/Fire      ####..       1%          2    #......
c - Conjure Flame         Conj/Fire      ####....     1%          3    ###....
d - Sticky Flame          Conj/Fire      ####....     6%          4    ####...

Your spell library contained the following spells:

 Spells                   Type           Power        Failure   Level  Hunger
 Inner Flame              Hex/Fire       ###.....     7%          3    ###....
 Fireball                 Conj/Fire      ####......   17%         5    ######.


Dungeon Overview and Level Annotations

Branches:
Dungeon (5/15)
 Temple: D:4-7

Altars:
Elyvilon
Fedhas
Okawaru
Sif Muna
Zin

Shops:
D:5 *


Innate Abilities, Weirdness & Mutations

You have a beak for a mouth.
You have claws for feet.
You can fly continuously.


Message History

The mummy closely misses you.
You hit the mummy. Your kick misses the mummy.
The mummy is almost destroyed.
The mummy closely misses you.
You hit the mummy.
You destroy the mummy!
Sif Muna accepts your kill.
You closely miss the adder zombie. You peck the adder zombie.
The adder zombie is lightly damaged.
The adder zombie bites you but does no damage.
The adder zombie barely misses you.
You closely miss the adder zombie.
The adder zombie is lightly damaged.
The mummy hits you. The adder zombie bites you.
* * * LOW HITPOINT WARNING * * *
You hit the adder zombie.
The adder zombie is moderately damaged.
An adder zombie comes into view.
The adder zombie barely misses you. The mummy hits you!
You die...

#.+ #.# ..+
#####M# #∩..#.+
#.∩.#.###
#...#.'.#
#Z##+##+##'##.###
'......M@Z....'.#
#'#+#+#+#+#+#+###


You could see a mummy and 2 adder zombies.

Vanquished Creatures
  Pikel (D:4)
  An ice beast (D:5)
  A slave (D:4)
  An ogre (D:4)
  A killer bee (D:3)
  A bullfrog zombie (Ossuary)
  A hound (D:4)
  An orc priest (D:3)
  2 orc wizards
  An iguana (D:3)
  A hound zombie (D:4)
  4 mummies (Ossuary)
  7 gnolls
  6 adders
  4 oozes
  4 dart slugs
  3 leopard geckos
  8 orcs
  A ball python (D:2)
  3 bats
  3 giant cockroaches
  6 goblins
  8 hobgoblins
  5 jackals
  2 quokkas (D:3)
  8 frilled lizards
  A giant cockroach zombie (D:3)
  A jackal skeleton (D:4)
  7 kobolds
  A leopard gecko zombie (D:5)
  A quokka skeleton (D:4)
  4 rats
99 creatures vanquished.

Notes
Turn   | Place    | Note
-------+----------+-------------------------------------------
     0 | D:1      | kae the Tengu Fire Elementalist began the quest for the
                  | Orb.
     0 | D:1      | Reached XP level 1. HP: 10/10 MP: 4/4
    75 | D:1      | Reached XP level 2. HP: 10/15 MP: 1/6
   353 | D:1      | Reached skill level 4 in Fire Magic
   630 | D:2      | Reached XP level 3. HP: 19/19 MP: 4/7
  1249 | D:2      | Reached XP level 4. HP: 18/24 MP: 6/8
  1399 | D:2      | Found a deep blue altar of Sif Muna.
  1456 | D:2      | Became a worshipper of Sif Muna the Loreminder
  1495 | D:2      | Found a glowing silver altar of Zin.
  1626 | D:2      | Learned a level 2 spell: Throw Flame
  1630 | D:2      | Learned a level 3 spell: Conjure Flame
  1960 | D:2      | Reached skill level 5 in Fire Magic
  1963 | D:2      | Found a faded altar of an unknown god.
  2525 | D:3      | Found a white marble altar of Elyvilon.
  3040 | D:3      | Gained mutation: You can fly continuously. [Tengu growth]
  3040 | D:3      | Reached XP level 5. HP: 28/28 MP: 9/9
  3235 | D:3      | Found a transporter.
  3251 | D:3      | Found a transporter.
  3259 | D:3      | Found an iron altar of Okawaru.
  4084 | D:3      | Reached XP level 6. HP: 22/32 MP: 0/10
  4117 | D:3      | Reached skill level 6 in Fire Magic
  4278 | D:4      | Reached * piety under Sif Muna
  4403 | D:4      | Noticed a slave
  4432 | D:4      | Killed a slave
  4454 | D:4      | Noticed Pikel
  4459 | D:4      | Noticed a slave
  4460 | D:4      | Noticed a slave
  4841 | D:4      | Noticed a slave
  5254 | D:4      | Learned a level 4 spell: Sticky Flame
  5741 | D:4      | Killed Pikel
  5741 | D:4      | Reached skill level 5 in Conjurations
  5741 | D:4      | Reached skill level 7 in Fire Magic
  5741 | D:4      | Reached XP level 7. HP: 36/36 MP: 2/13
  6147 | D:3      | Reached ** piety under Sif Muna
  6147 | D:3      | Reached XP level 8. HP: 27/41 MP: 8/14
  6323 | D:5      | Entered Level 5 of the Dungeon
  6343 | D:5      | Reached skill level 8 in Fire Magic
  6449 | D:5      | Found a blossoming altar of Fedhas.
  6485 | D:5      | Found Comnaby's General Store.
  6493 | D:5      | Bought a scroll of identify for 30 gold pieces
  6493 | D:5      | Bought a scroll of identify for 30 gold pieces
  6739 | D:5      | Found a sand-covered staircase.
  6749 | Ossuary  | Entered an ossuary
  6798 | Ossuary  | Slain by a mummy

Skill      XL: |  1  2  3  4  5  6  7  8 |
---------------+-------------------------+-----
Conjurations   | 2 3 4 5 6 |  6.5
Fire Magic     | 4 5 7 8 |  8.4
Spellcasting   | 3 4 |  4.3
Dodging        | |  2.1
Stealth        | |  2.0

Action                   |  1- 3 |  4- 6 |  7- 9 || total
-------------------------+-------+-------+-------++-------
Melee: Unarmed           |     7 |       |       ||     7
       Kick              |     9 |    17 |       ||    26
       Peck              |     3 |    10 |     3 ||    16
       Short sword       |    22 |    54 |       ||    76
       Spear             |       |    54 |    23 ||    77
Throw: Throwing net      |       |     1 |       ||     1
 Cast: Flame Tongue      |    38 |    55 |    38 ||   131
       Throw Flame       |       |    22 |     3 ||    25
       Conjure Flame     |       |     5 |     1 ||     6
       Sticky Flame      |       |     2 |     2 ||     4
  Use: Scroll            |     5 |    10 |     3 ||    18
       Potion            |       |     1 |     1 ||     2
 Stab: Sleeping          |       |     3 |     1 ||     4
  Eat: Chunk             |     2 |     9 |     4 ||    15
       Ration            |       |     2 |       ||     2
Armor: Robe              |    11 |    17 |     3 ||    31
Dodge: Dodged            |    27 |    60 |    17 ||   104
